 Dungeon Crawl Stone Soup version 0.30.1-3-gfc49f6343a (webtiles) character file.

Game seed: 15451901326037417670

62 keni the Gusty (level 3, -6/19 HPs)
             Began as a Deep Elf Air Elementalist on July 21, 2023.
             Mangled by Crazy Yiuf
             ... wielding a +4 quarterstaff of chaos
              (12 damage)
             ... on level 2 of the Dungeon.
             The game lasted 00:05:41 (2132 turns).

keni the Gusty (Deep Elf Air Elementalist)          Turns: 2132, Time: 00:05:44

Health: -6/19      AC:  3    Str:  5    XL:     3   Next: 85%
Magic:  5/10       EV: 12    Int: 21    God:
Gold:   101        SH:  0    Dex: 15    Spells: 7/10 levels left

rFire   . . .        a - +1 dagger (venom)
rCold   . . .        (no shield)
rNeg    . . .        n - +0 robe
rPois   .            (no helmet)
rElec   .            (no cloak)
rCorr   .            o - +0 pair of gloves
SInv    +            (no boots)
Will    .....        (no amulet)
Stlth   ++           f - ring of see invisible
HPRegen 0.23/turn    (no ring)
MPRegen 0.12/turn

%: no passive effects
@: no status effects
A: no striking features
a: no special abilities


You were on level 2 of the Dungeon.
You visited 1 branch of the dungeon, and saw 2 of its levels.

You collected 101 gold pieces.

Inventory:

Hand Weapons
 a - a +1 dagger of venom (weapon)
 d - a +2 dagger of protection
Missiles
 r - 4 poisoned darts
Armour
 n - a +0 robe (worn)
 o - a +0 pair of gloves (worn)
Jewellery
 f - a ring of see invisible (left hand)
Scrolls
 c - 2 scrolls of teleportation {unknown}
 e - 3 scrolls of magic mapping {unknown}
 g - a scroll of vulnerability {unknown}
 h - 4 scrolls of identify {unknown}
 i - 2 scrolls of poison {unknown}
 k - a scroll of fog {unknown}
 l - a scroll of acquirement {unknown}
 p - a scroll of immolation {unknown}
Potions
 b - a potion of magic
 j - 2 potions of curing {unknown}
 m - a potion of might {unknown}
 q - a potion of berserk rage {unknown}


   Skills:
 + Level 2.4 Dodging
 - Level 2.4 Stealth
 + Level 4.0 Spellcasting
 * Level 2.0 Conjurations
 * Level 4.0 Air Magic


You had 7 spell levels left.
You knew the following spells:

 Your Spells              Type           Power      Damage    Failure   Level
a - Shock                 Conj/Air       64%        1d7       3%          1
b - Static Discharge      Conj/Air       32%        2-4/arc   5%          2

Your spell library contained the following spells:

 Spells                   Type           Power      Damage    Failure   Level
 Swiftness                Air            21%        N/A       7%          3
 Slow                     Hex            16%        N/A       12%         1
 Vhi's Electric Charge    Tloc/Air       24%        N/A       16%         3
 Airstrike                Air            10%        2d(2-18)  22%         4
 Confusing Touch          Hex            4%         N/A       34%         3
 Vampiric Draining        Necr           4%         2d6       34%         3
 Arcjolt                  Conj/Air       8%         1d18      67%         5
 Iskenderun's Battlesphe  Conj           12%        2d7       82%         5
 Fireball                 Conj/Fire      4%         3d4       91%         5
 Conjure Ball Lightning   Conj/Air       8%         3x3d6     99%         6
 Orb of Destruction       Conj           6%         9d6       100%        7
 Maxwell's Capacitive Co  Air            10%        ∞         100%        8


Dungeon Overview and Level Annotations

Branches:
Dungeon (2/15)

Altars:
Wu Jian

Annotations:
D:2 Crazy Yiuf


Message History

You see here a +2 spear of freezing.
You open the door.
There is an open door here.
There is an open door here.
You see here 3 stones.
There is a stone staircase leading down here.
There is an open door here.
You see here a +0 hand axe.
There is an open door here.
You open the door.
Crazy Yiuf shouts!
Crazy Yiuf grits, "Lay horse sanguine!"
Casting: Static Discharge (safe; 5% risk of failure)
Confirm with . or Enter, or press ? or * to list all spells.
You can't see any susceptible monsters within range! (Use Z to cast anyway.)
Casting: Static Discharge (safe; 5% risk of failure)
Confirm with . or Enter, or press ? or * to list all spells.
Aiming: Shock (safe; 3% risk of failure)
Press: ? - help, Shift-Dir - straight line, f - Crazy Yiuf
Aim: Crazy Yiuf, wielding a +4 quarterstaff of chaos and wearing a +0 cloak (75% to hit)
The zap hits Crazy Yiuf.
Crazy Yiuf is lightly wounded.
Casting: Shock (safe; 3% risk of failure)
Confirm with . or Enter, or press ? or * to list all spells.
Crazy Yiuf is struck by an arc of lightning.
Crazy Yiuf is moderately wounded.
You are struck by an arc of lightning.
Crazy Yiuf is struck by an arc of lightning.
Crazy Yiuf is heavily wounded.
The lightning grounds out.
Crazy Yiuf hits you with a +4 quarterstaff of chaos!
Ouch! That really hurt!
Casting: Static Discharge (safe; 5% risk of failure)
Confirm with . or Enter, or press ? or * to list all spells.
Crazy Yiuf is struck by an arc of lightning.
Crazy Yiuf is heavily wounded.
You are struck by an arc of lightning.
The lightning grounds out.
Crazy Yiuf hits you with a +4 quarterstaff of chaos!
Ouch! That really hurt!
You die...

#.# #####
### # ### #
##### #.###
# #)..#
#..^##### #
#...#
###.....####
...
#####.....
#g# ####.#
♣@♣♣ #..
♣♣.♣ #.#
♣.♣♣ #.#
♣♣.♣
#########.#
♣♣.♣♣
#..........
♣♣...♣
#.#########
♣....♣ #.#
#....# ##.#
#....###..#


You could see Crazy Yiuf.

Vanquished Creatures
  An adder (D:2)
  A worm (D:2)
  3 dart slugs (D:2)
  9 ball pythons
  2 bats
  4 endoplasms
  A giant cockroach (D:1)
  A goblin (D:1)
  3 hobgoblins (D:1)
  4 jackals (D:1)
  3 quokkas (D:1)
  2 frilled lizards
  3 kobolds
  4 rats (D:1)
41 creatures vanquished.

Notes
Turn   | Place    | Note
-------+----------+-------------------------------------------
     0 | D:1      | keni the Deep Elf Air Elementalist began the quest for the
                  | Orb.
     0 | D:1      | Reached XP level 1. HP: 10/10 MP: 6/6
   236 | D:1      | Reached XP level 2. HP: 12/15 MP: 0/8
   306 | D:1      | Learned a level 2 spell: Static Discharge
   987 | D:1      | Reached XP level 3. HP: 19/19 MP: 7/9
  1058 | D:1      | Found a faded altar of an unknown god.
  1396 | D:2      | Found an ornate altar of the Wu Jian Council.
  1513 | D:2      | Found a runed translucent door.
  1514 | D:2      | Noticed Crazy Yiuf
  2132 | D:2      | Mangled by Crazy Yiuf

Illustrated notes

Levels and vault maps discovered:
D:1:      saegor_arrival_simple_a, layout_rooms,
          shapermc_ecumenical_altar_mp_vishouse
D:2:      layout_basic, basic_altar, uniq_crazy_yiuf_cottage

Skill      XL: |  1  2  3 |
---------------+----------+-----
Air Magic      | 4 |  4.0
Conjurations   | 2 |  2.0
Spellcasting   | 4 |  4.0
Dodging        | |  2.4
Stealth        | |  2.4

Action                     || total
---------------------------++-------
  Melee: Dagger            ||     1
         Unarmed           ||     1
   Cast: Shock             ||    87
         Static Discharge  ||     6
 Armour: Robe              ||     1
